 Dungeon Crawl Stone Soup version 0.28-b1-25-g9875b3fc8c (webtiles) character file.

Game seed: 9939699332861902898

35 AlmostDecent the Magician (level 3, 25/25 HPs)
             Began as a Djinni Conjurer on Feb 2, 2022.
             Was a Follower of Dithmenos.
             Quit the game on level 1 of the Dungeon.
             The game lasted 00:04:00 (1582 turns).

AlmostDecent the Magician (Djinni Conjurer)         Turns: 1582, Time: 00:04:00

Health: 25/25      AC:  2    Str:  6    XL:     3   Next: 55%
Gold:   40         EV: 12    Int: 21    God:    Dithmenos [*.....] SH:  0 Dex: 11

rFire   + + .      SeeInvis .   (no weapon)
rCold   x . .      Faith    .   (no shield)
rNeg    . . .      Spirit   .   a - +0 robe
rPois   ∞          Reflect  .   (no helmet)
rElec   .          Harm     .   (no cloak)
rCorr   .          Rampage  .   (no gloves)
Will    .....                   (boots unavailable)
Stlth   ++........              (no amulet)
HPRegen 0.08/turn               (no ring)
MPRegen 0.00/turn               (no ring)

@: flying, wreathed by umbra
A: sickness immunity, fire resistance 2, cold vulnerability 1, float, innate
caster, HP casting, extra vitality 1
a: Renounce Religion


You were on level 1 of the Dungeon.
You worshipped Dithmenos.
Dithmenos was aware of your devotion.
You visited 1 branch of the dungeon, and saw 1 of its levels.

You collected 40 gold pieces.

Inventory:

Armour
 a - a +0 robe (worn)
Jewellery
 c - a ring of fire
Potions
 b - a potion of mutation {unknown}
 d - a potion of resistance {unknown}
 e - a potion of brilliance {unknown}
 f - a potion of curing {unknown}


   Skills:
 + Level 2.4 Dodging
 + Level 1.6 Stealth
 + Level 4.0 Spellcasting


You couldn't memorise any spells.
You knew the following spells:

 Your Spells              Type           Power      Damage    Failure   Level
a - Magic Dart            Conj           84%        1d7       2%          1
b - Searing Ray           Conj           42%        2d6       3%          2
c - Dazzling Flash        Conj/Hex       42%        N/A       7%          3
d - Fulminant Prism       Conj/Hex       10%        3d9       22%         4
e - Iskenderun's Mystic   Conj/Tloc      21%        2d6       22%         4
f - Sting                 Tmut/Pois      84%        1d7       2%          1
Your spell library was empty.

Dungeon Overview and Level Annotations

Branches:
Dungeon (1/15)

Altars:
Dithmenos


Innate Abilities, Weirdness & Mutations

You are immune to sickness and miasma.
You are immune to poison.
Your flesh is very heat resistant. (rF++)
You are vulnerable to cold. (rC-)
You float through the air rather than walking.
You learn spells naturally, not from books.
Your magical power is your life essence.
You have superior vitality. (+4 MHP)


Message History

The magic dart hits the endoplasm.
You kill the endoplasm!
A ball python comes into view.
Aiming: Magic Dart (safe; 2% risk of failure)
Press: ? - help, Q - select action, (/) - cycle Shift-Dir - straight line, f - ball python
Aim: a ball python (asleep, 100% to hit)
The magic dart hits the ball python!
You kill the ball python!
As you open the door, it creaks loudly!
Found 13 gold pieces.
There is an open door here.
You now have 36 gold pieces (gained 13).
An endoplasm comes into view.
Aiming: Magic Dart (safe; 2% risk of failure)
Press: ? - help, Q - select action, (/) - cycle Shift-Dir - straight line, f - endoplasm
Aim: an endoplasm (asleep, 100% to hit)
The magic dart hits the endoplasm.
The endoplasm is almost dead.
Aiming: Magic Dart (safe; 2% risk of failure)
Press: ? - help, Q - select action, (/) - cycle Shift-Dir - straight line, f/p - endoplasm
Aim: an endoplasm (almost dead, 100% to hit)
The magic dart hits the endoplasm.
You kill the endoplasm!
Your Spellcasting skill increases to level 4!
f - a fuming silvery potion You reach down and open the door.
There is an open door here.
You see here 24 stones.
You now have 40 gold pieces (gained 4).
Found a faded altar of an unknown god.
There is a faded altar of an unknown god here.
You cannot tell which god this altar belongs to.
Convert to them anyway?
Dithmenos accepts your prayer! Dithmenos welcomes you!
You are shrouded in an aura of darkness!
Unknown command.
Press < or > to pray at altars.
Unknown command.
Press < or > to pray at altars.
Are you sure you want to abandon this character and quit the game? (Confirm with "yes".)

#########.####.#########......##
#......................#.#.#.###
#.#######.##.#########.#.#......
#.#....##.##....# #.#.#.#.#..
#.#.#..###############.#>#.#.#.#
#.#.#..8##########.........#.#.#
#.#.#....##...#.##.......###.#..
##'#.###8..#^...8##........†..#..
.....#####...##.@##.......###†.†.
........###.##.8###.......# ###.#
.....##..######## ######### #.#
.....##..######## #.#
.........#......## #.#
.....###.#.#..... #.#
..............†##.# #..
...#.###.#.....##.### ####
##.......#.....##...## #...


There were no monsters in sight!

Vanquished Creatures
  A dart slug (D:1)
  2 ball pythons (D:1)
  4 endoplasms (D:1)
  2 giant cockroaches (D:1)
  2 goblins (D:1)
  4 hobgoblins (D:1)
  4 jackals (D:1)
  3 kobolds (D:1)
  A quokka (D:1)
  A bat (D:1)
  A frilled lizard (D:1)
  3 rats (D:1)
28 creatures vanquished.

Notes
Turn   | Place    | Note
-------+----------+-------------------------------------------
     0 | D:1      | AlmostDecent the Djinni Conjurer began the quest for the
                  | Orb.
     0 | D:1      | Reached XP level 1. HP: 15/15 MP: 0/0
    40 | D:1      | Reached XP level 2. HP: 11/21 MP: 0/0
   678 | D:1      | Reached XP level 3. HP: 17/25 MP: 0/0
   678 | D:1      | Learned a level 1 spell: Sting
  1505 | D:1      | Reached skill level 4 in Spellcasting
  1577 | D:1      | Found a faded altar of an unknown god.
  1581 | D:1      | Prayed at the altar of an unknown god.
  1581 | D:1      | Became a worshipper of Dithmenos the Shadowed
  1581 | D:1      | Reached * piety under Dithmenos
  1582 | D:1      | Quit the game

Illustrated notes

Levels and vault maps discovered:
D:1:      elethiomel_arrival_shortcut, layout_basic,
          shapermc_ecumenical_altar_petra,
          nicolae_concentric_dashed_squares_wild, minivault_4, minmay_tripent

Skill      XL: |  1  2  3 |
---------------+----------+-----
Spellcasting   | 4 |  4.0
Dodging        | |  2.4
Stealth        | |  1.6

Action                   || total
-------------------------++-------
 Cast: Magic Dart        ||    60
Armor: Robe              ||     1
Dodge: Dodged            ||     5
